[ AOE2 MATCH · #507212711 ]
UnrankedBohemians vs Teutons
Player's team · LOSS
Rival team · WIN
[ REPLAY ANALYSIS · EXTRACTED FROM THE RECORDED GAME ]
Feudal
12:19
Castle
22:24
Imperial
—
| APM avg | 32.3 |
| APM peak | 600 |
| eAPM avg | 24.8 |
| Villagers / military | 52 / 21 |
Focus
⚔️ 24.4% · 🌾 75.6%
Hussite Wagon ×9 · Battering Ram ×6 · Monk ×3 · Mangonel ×2 · Spearman ×1
Feudal
9:20
Castle
24:49
Imperial
—
| APM avg | 35.2 |
| APM peak | 69 |
| eAPM avg | 22.9 |
| Villagers / military | 93 / 30 |
Focus
⚔️ 29.8% · 🌾 70.2%
Archer ×14 · Mangonel ×7 · Teutonic Knight ×6 · Battering Ram ×2 · Monk ×1
Match map
Initial resources + every placement click. Lines = walls · curves = elevation contours. ◆ gold · ⬟ stone · ● berries · ✦ relic · ◌ wall gap
Your base· ✓ Closed at 22:24 · 0t walls · 2 gate(s)
[A2PL] roqueterpro's base· ✓ Closed at 24:49 · 4t walls · 3 gate(s)
Smoothed initial terrain · ◌ = detected wall gap · hover for details
Inputs per minute
— DarkAngel2173 - - [A2PL] roqueterpro
Build order — DarkAngel2173
149 actions detected in the replay
| 0:02 | Queue | Villager (Male) |
| 0:02 | Research | Loom |
| 0:02 | Queue | Villager (Male) |
| 0:03 | Queue | Villager (Male) |
| 0:03 | Queue | Villager (Male) |
| 0:08 | Build | House |
| 0:11 | Build | House |
| 0:13 | Build | House |
| 0:16 | Build | House |
| 1:55 | Queue | Villager (Male) |
| 2:25 | Queue | Villager (Male) |
| 2:47 | Queue | Villager (Male) |
| 3:07 | Queue | Villager (Male) |
| 3:40 | Queue | Villager (Male) |
| 4:12 | Queue | Villager (Male) |
| 4:12 | Queue | Villager (Male) |
| 4:59 | Queue | Villager (Male) |
| 5:00 | Queue | Villager (Male) |
| 5:00 | Queue | Villager (Male) |
| 5:45 | Queue | Villager (Male) |
| 6:11 | Build | Mill |
| 6:43 | Queue | Villager (Male) |
| 6:44 | Queue | Villager (Male) |
| 7:17 | Queue | Villager (Male) |
| 7:50 | Build | House |
| 7:54 | Build | House |
| 7:56 | Build | House |
| 7:58 | Queue | Villager (Male) |
| 8:19 | Build | Lumber Camp |
| 8:26 | Queue | Villager (Male) |
| 8:26 | Queue | Villager (Male) |
| 9:19 | Queue | Villager (Male) |
| 9:19 | Queue | Villager (Male) |
| 9:53 | Research | Feudal Age |
| 10:23 | Queue | Villager (Male) |
| 10:24 | Queue | Villager (Male) |
| 10:37 | Build | Mining Camp |
| 10:58 | Build | Barracks |
| 11:41 | Queue | Villager (Male) |
| 12:19 | Age | Feudal Age |
| 12:47 | Research | Horse Collar |
| 13:32 | Build | Market |
| 13:56 | Queue | Villager (Male) |
| 13:56 | Queue | Villager (Male) |
| 14:04 | Build | Market |
| 14:26 | Build | Watch Tower |
| 14:39 | Build | Farm |
| 14:39 | Build | Farm |
| 14:40 | Build | Farm |
| 14:40 | Build | Farm |
| 14:40 | Build | Farm |
| 14:41 | Build | Farm |
| 14:41 | Build | Farm |
| 14:41 | Build | Farm |
| 14:51 | Build | Farm |
| 14:52 | Build | Farm |
| 14:53 | Build | Farm |
| 15:02 | Queue | Villager (Male) |
| 15:03 | Queue | Villager (Male) |
| 15:25 | Build | Farm |
| 15:27 | Build | Farm |
| 16:01 | Queue | Villager (Male) |
| 16:15 | Build | Farm |
| 16:21 | Build | Farm |
| 16:23 | Queue | Villager (Male) |
| 16:33 | Build | Farm |
| 16:35 | Build | Farm |
| 16:43 | Queue | Villager (Male) |
| 17:19 | Queue | Villager (Male) |
| 17:33 | Build | Mining Camp |
| 17:42 | Queue | Villager (Male) |
| 17:45 | Build | Mill |
| 17:48 | Build | Farm |
| 17:55 | Queue | Villager (Male) |
| 18:01 | Build | House |
| 18:04 | Build | House |
| 18:16 | Build | Farm |
| 18:23 | Build | Farm |
| 18:28 | Queue | Villager (Male) |
| 18:42 | Build | House |
| 18:45 | Queue | Villager (Male) |
| 19:04 | Build | Blacksmith |
| 19:19 | Research | Town Watch |
| 19:28 | Research | Castle Age |
| 19:33 | Build | Lumber Camp |
| 19:41 | Build | Farm |
| 19:47 | Build | Farm |
| 19:53 | Research | Fletching |
| 20:08 | Queue | Villager (Male) |
| 20:08 | Queue | Villager (Male) |
| 20:09 | Queue | Villager (Male) |
| 20:18 | Build | Watch Tower |
| 21:41 | Queue | Villager (Male) |
| 21:42 | Queue | Villager (Male) |
| 21:42 | Queue | Villager (Male) |
| 21:42 | Queue | Villager (Male) |
| 21:43 | Queue | Villager (Male) |
| 21:43 | Queue | Villager (Male) |
| 21:48 | Build | Mill |
| 21:50 | Build | Farm |
| 21:56 | Build | Farm |
| 21:58 | Build | Farm |
| 22:06 | Queue | Villager (Male) |
| 22:07 | Queue | Villager (Male) |
| 22:24 | Age | Castle Age |
| 22:34 | Research | Bodkin Arrow |
| 23:43 | Build | University |
| 23:48 | Build | Monastery |
| 24:20 | Research | Double-Bit Axe |
| 24:26 | Build | Siege Workshop |
| 24:28 | Research | Heavy Plow |
| 24:41 | Queue | Monk |
| 24:41 | Queue | Monk |
| 25:09 | Research | Guard Tower (upgrade) |
| 26:37 | Queue | Battering Ram |
| 26:59 | Build | Castle |
| 28:24 | Queue | Villager (Male) |
| 28:25 | Queue | Villager (Male) |
| 28:25 | Queue | Villager (Male) |
| 28:32 | Queue | Monk |
| 28:55 | Queue | Mangonel |
| 29:02 | Queue | Battering Ram |
| 29:11 | Build | Barracks |
| 29:14 | Build | Barracks |
| 29:41 | Build | Castle |
| 29:53 | Build | Siege Workshop |
| 30:15 | Build | House |
| 30:24 | Build | House |
| 30:36 | Build | Farm |
| 31:17 | Build | Lumber Camp |
| 31:33 | Queue | Hussite Wagon |
| 31:33 | Queue | Hussite Wagon |
| 31:33 | Queue | Hussite Wagon |
| 33:03 | Queue | Hussite Wagon |
| 33:04 | Queue | Hussite Wagon |
| 33:04 | Queue | Hussite Wagon |
| 33:22 | Build | Mining Camp |
| 33:44 | Queue | Battering Ram |
| 33:47 | Queue | Mangonel |
| 35:01 | Queue | Battering Ram |
| 35:34 | Queue | Hussite Wagon |
| 35:35 | Queue | Hussite Wagon |
| 35:42 | Build | Lumber Camp |
| 36:16 | Queue | Hussite Wagon |
| 37:39 | Queue | Battering Ram |
| 38:00 | Queue | Spearman |
| 38:29 | Queue | Battering Ram |
| 40:13 | Build | Town Center |
| 43:27 | Build | Market |
Build order — [A2PL] roqueterpro
First 150 of 236 actions detected
| 0:00 | Queue | Villager (Male) |
| 0:01 | Queue | Villager (Male) |
| 0:02 | Build | House |
| 0:05 | Build | House |
| 0:28 | Queue | Villager (Male) |
| 0:28 | Queue | Villager (Male) |
| 1:14 | Queue | Villager (Male) |
| 1:34 | Research | Loom |
| 1:43 | Queue | Villager (Male) |
| 1:55 | Build | Lumber Camp |
| 2:12 | Queue | Villager (Male) |
| 2:50 | Queue | Villager (Male) |
| 2:59 | Build | House |
| 3:18 | Queue | Villager (Male) |
| 3:43 | Queue | Villager (Male) |
| 4:01 | Queue | Villager (Male) |
| 4:23 | Queue | Villager (Male) |
| 4:57 | Queue | Villager (Male) |
| 5:15 | Queue | Villager (Male) |
| 5:35 | Build | Mill |
| 5:36 | Queue | Villager (Male) |
| 6:12 | Queue | Villager (Male) |
| 6:16 | Research | Loom |
| 7:10 | Research | Feudal Age |
| 7:40 | Queue | Villager (Male) |
| 8:03 | Build | Mining Camp |
| 9:09 | Build | House |
| 9:20 | Age | Feudal Age |
| 9:36 | Build | Watch Tower |
| 9:42 | Build | Palisade Wall |
| 9:44 | Build | Palisade Wall |
| 9:45 | Build | Palisade Wall |
| 9:46 | Build | Palisade Wall |
| 9:59 | Queue | Villager (Male) |
| 9:59 | Queue | Villager (Male) |
| 10:07 | Research | Double-Bit Axe |
| 10:10 | Research | Horse Collar |
| 10:55 | Queue | Villager (Male) |
| 11:03 | Build | Farm |
| 11:04 | Build | Farm |
| 11:07 | Build | Blacksmith |
| 11:09 | Build | House |
| 11:15 | Build | Watch Tower |
| 11:37 | Build | House |
| 11:38 | Queue | Villager (Male) |
| 11:52 | Queue | Villager (Male) |
| 12:33 | Research | Fletching |
| 13:09 | Queue | Villager (Male) |
| 13:10 | Queue | Villager (Male) |
| 13:31 | Build | Watch Tower |
| 13:46 | Queue | Villager (Male) |
| 13:49 | Build | Farm |
| 13:51 | Build | Farm |
| 14:06 | Build | Watch Tower |
| 14:21 | Queue | Villager (Male) |
| 14:23 | Build | Farm |
| 14:27 | Build | Farm |
| 14:53 | Queue | Villager (Male) |
| 14:53 | Queue | Villager (Male) |
| 14:55 | Build | Farm |
| 14:56 | Build | Farm |
| 14:58 | Build | Farm |
| 15:15 | Build | Watch Tower |
| 15:26 | Build | Farm |
| 15:30 | Build | Farm |
| 15:32 | Queue | Villager (Male) |
| 15:35 | Build | Farm |
| 15:47 | Queue | Villager (Male) |
| 15:50 | Build | Mining Camp |
| 16:01 | Queue | Villager (Male) |
| 16:08 | Build | Watch Tower |
| 16:20 | Queue | Villager (Male) |
| 16:48 | Build | Barracks |
| 16:53 | Build | House |
| 16:59 | Queue | Villager (Male) |
| 17:11 | Research | Stone Mining |
| 17:18 | Build | Watch Tower |
| 17:26 | Queue | Villager (Male) |
| 17:49 | Queue | Villager (Male) |
| 18:23 | Build | Watch Tower |
| 18:26 | Queue | Villager (Male) |
| 18:33 | Build | House |
| 18:47 | Build | Watch Tower |
| 18:57 | Queue | Villager (Male) |
| 19:48 | Queue | Villager (Male) |
| 19:48 | Queue | Villager (Male) |
| 20:22 | Build | Market |
| 20:36 | Build | Watch Tower |
| 20:54 | Queue | Villager (Male) |
| 20:54 | Queue | Villager (Male) |
| 21:33 | Queue | Villager (Male) |
| 21:46 | Build | Watch Tower |
| 21:53 | Research | Castle Age |
| 22:15 | Research | Gold Mining |
| 23:08 | Build | Lumber Camp |
| 23:22 | Build | Archery Range |
| 23:29 | Research | Forging |
| 23:31 | Research | Scale Mail Armor |
| 24:49 | Age | Castle Age |
| 24:51 | Research | Bodkin Arrow |
| 24:58 | Build | Town Center |
| 25:04 | Research | Crossbowman (upgrade) |
| 25:04 | Queue | Archer |
| 25:05 | Queue | Archer |
| 25:12 | Build | Siege Workshop |
| 25:16 | Research | Squires |
| 25:22 | Build | Mining Camp |
| 25:33 | Queue | Archer |
| 25:49 | Queue | Villager (Male) |
| 25:53 | Build | University |
| 25:56 | Build | House |
| 26:17 | Queue | Archer |
| 26:46 | Queue | Villager (Male) |
| 26:46 | Queue | Villager (Male) |
| 26:57 | Queue | Villager (Male) |
| 27:01 | Build | Farm |
| 27:07 | Queue | Villager (Male) |
| 27:30 | Queue | Mangonel |
| 28:00 | Queue | Villager (Male) |
| 28:01 | Queue | Villager (Male) |
| 28:02 | Build | Farm |
| 28:23 | Queue | Villager (Male) |
| 28:28 | Queue | Villager (Male) |
| 28:28 | Queue | Villager (Male) |
| 28:50 | Queue | Archer |
| 28:50 | Queue | Archer |
| 28:54 | Queue | Mangonel |
| 28:58 | Queue | Villager (Male) |
| 29:01 | Build | House |
| 29:02 | Build | House |
| 29:02 | Build | House |
| 29:56 | Research | Wheelbarrow |
| 30:30 | Research | Town Watch |
| 30:32 | Build | House |
| 31:02 | Build | Watch Tower |
| 31:08 | Queue | Villager (Male) |
| 31:12 | Queue | Archer |
| 31:12 | Queue | Archer |
| 31:12 | Queue | Archer |
| 31:12 | Queue | Archer |
| 31:13 | Queue | Archer |
| 31:24 | Queue | Villager (Male) |
| 31:25 | Queue | Villager (Male) |
| 31:26 | Research | Hand Cart |
| 31:29 | Queue | Archer |
| 31:30 | Queue | Archer |
| 31:34 | Build | House |
| 31:35 | Build | House |
| 31:36 | Build | House |
| 32:27 | Build | Castle |
Match timeline
| 9:20 | [A2PL] roqueterpro · age_up feudal |
| 9:42 | [A2PL] roqueterpro · wall_segment Palisade Wall x1 |
| 9:44 | [A2PL] roqueterpro · wall_segment Palisade Wall x1 |
| 9:45 | [A2PL] roqueterpro · wall_segment Palisade Wall x1 |
| 9:46 | [A2PL] roqueterpro · wall_segment Palisade Wall x1 |
| 10:58 | DarkAngel2173 · first_building Barracks |
| 12:19 | DarkAngel2173 · age_up feudal |
| 15:09 | DarkAngel2173 · first_market_sell 500 wood |
| 16:48 | [A2PL] roqueterpro · first_building Barracks |
| 22:24 | DarkAngel2173 · age_up castle |
| 23:22 | [A2PL] roqueterpro · first_building Archery Range |
| 23:48 | DarkAngel2173 · first_building Monastery |
| 24:26 | DarkAngel2173 · first_building Siege Workshop |
| 24:49 | [A2PL] roqueterpro · age_up castle |
| 25:12 | [A2PL] roqueterpro · first_building Siege Workshop |
| 26:59 | DarkAngel2173 · first_building Castle |
| 27:28 | [A2PL] roqueterpro · first_market_sell 100 food |
| 27:28 | [A2PL] roqueterpro · first_market_buy 100 wood |
| 32:27 | [A2PL] roqueterpro · first_building Castle |
| 36:40 | [A2PL] roqueterpro · first_building Monastery |
| 44:29 | [A2PL] roqueterpro · first_building Stable |
[ AI ANALYSIS · 1 CREDIT ]
What really happened in this match?
Wolo.gg analyzes every decision: build order, eco, micro, common mistakes by bracket. Personalized analysis on WhatsApp or Discord in 30 seconds.
Civ guide
Bohemians
Perfil
DarkAngel2173